 Dungeon Crawl Stone Soup version 0.21-b1-23-g1fb0a74c36 (webtiles) character file.

101 GordonOverkill the Chopper (level 5, -1/41 HPs)
             Began as a Human Gladiator on Jan 6, 2018.
             Slain by an orc
             ... wielding a +0 mace
              (9 damage)
             ... on level 2 of the Dungeon.
             The game lasted 00:03:07 (3132 turns).

GordonOverkill the Chopper (Human Gladiator)        Turns: 3132, Time: 00:03:07

Health: -1/41      AC:  5    Str: 16    XL:     5   Next: 4%
Magic:  5/5        EV: 13    Int:  8    God:
Gold:   115        SH:  0    Dex: 14    Spells: 4/4 levels left

rFire    . . .     SeeInvis .   a - +0 war axe
rCold    . . .     Gourm    .   (no shield)
rNeg     . . .     Faith    .   b - +0 leather armour
rPois    .         Spirit   .   c - +0 helmet
rElec    .         Reflect  .   (no cloak)
rCorr    .         Harm     .   (no gloves)
MR       .....                  l - +0 pair of boots
Stlth    +.........             (no amulet)
HPRegen  0.13/turn              (no ring)
MPRegen  0.09/turn              (no ring)

@: no status effects
A: no striking features
a: no special abilities


You were on level 2 of the Dungeon.
You were not hungry.

You visited 1 branch of the dungeon, and saw 3 of its levels.

You collected 115 gold pieces.

Inventory:

Hand Weapons
 a - a +0 war axe (weapon)
 q - a +0 flail
Missiles
 d - 3 throwing nets (quivered)
Armour
 b - a +0 leather armour (worn)
 c - a +0 helmet (worn)
 l - a +0 pair of boots (worn)
Jewellery
 i - an uncursed ring of ice {unknown}
Scrolls
 e - 6 scrolls of identify
 j - 3 scrolls of remove curse
 k - a scroll of magic mapping {unknown}
 o - a scroll of enchant weapon {unknown}
Potions
 g - 2 potions of haste
 h - a potion of magic
 m - a potion of curing
 p - a potion of invisibility {unknown}
Comestibles
 f - 5 rations


   Skills:
 + Level 3.6 Fighting
 + Level 4.3 Axes
 - Level 2.0 Throwing
 - Level 3.0 Dodging


You had 4 spell levels left.
You didn't know any spells.

Dungeon Overview and Level Annotations

Branches:
Dungeon (3/15)

Altars:
Uskayaw

Annotations:
D:3 Libelnon's ghost, weakling FeIE


Message History

The puff of frost hits you!
A goblin comes into view.
You barely miss Libelnon's ghost.
Libelnon's ghost is almost destroyed.
The goblin shouts!
Libelnon's ghost barely misses you. Libelnon's ghost casts a spell at you.
The puff of frost hits you!
* * * LOW HITPOINT WARNING * * *
An orc comes into view. It is wielding a dagger.
The orc barely misses you. Libelnon's ghost hits you.
* * * LOW HITPOINT WARNING * * *
You climb upwards.
The ghost fades into the shadows.
Libelnon's ghost disappears!
There is a stone staircase leading down, spattered with blood here.
All of the chunks of flesh in your inventory have rotted away.
You hit the orc.
The orc is severely wounded.
The orc hits you with a mace!
You die...

#.# ##............ #.#
#............. #.#
#............. #.#
#.......⌠..⌠.. #.#
#........♣♣... #.#
#........♣♣... #.#
#.......⌠..⌠.. #o#
#............. #@#
#.............
#######'####............
#........# ##...........
#......).# ##..........
##########........#
##.........
.........'........#
##........
##########........#
####''### #>.......#
#...# ########## #.###


You could see an orc.

Vanquished Creatures
  An orc wizard (D:2)
  A worker ant (D:2)
  An ooze (D:1)
  A worm (D:2)
  2 dart slugs
  3 leopard geckos (D:2)
  5 orcs (D:2)
  A giant cockroach (D:2)
  A goblin (D:2)
  6 hobgoblins
  4 bats
  3 frilled lizards (D:2)
  A kobold (D:1)
  6 rats
36 creatures vanquished.

Notes
Turn   | Place    | Note
-------+----------+-------------------------------------------
     0 | D:1      | GordonOverkill the Human Gladiator began the quest for the Orb.
     0 | D:1      | Reached XP level 1. HP: 16/16 MP: 1/1
   406 | D:1      | Reached XP level 2. HP: 19/23 MP: 2/2
  1056 | D:2      | Found a hide-covered altar of Uskayaw.
  1116 | D:2      | Reached XP level 3. HP: 6/29 MP: 3/3
  1856 | D:2      | Reached XP level 4. HP: 18/35 MP: 4/4
  2373 | D:2      | Reached skill level 4 in Axes
  2863 | D:3      | Noticed Libelnon's ghost (weakling FeIE)
  2897 | D:2      | Reached XP level 5. HP: 15/41 MP: 5/5
  3132 | D:2      | Slain by an orc

Skill      XL: |  1  2  3  4 |
---------------+-------------+-----
Fighting       | 3 |  3.6
Axes           | 4 |  4.3
Throwing       | |  2.0
Dodging        | |  3.0

Action                   |  1- 3 |  4- 6 || total
-------------------------+-------+-------++-------
Melee: War axe           |    66 |    80 ||   146
  Use: Scroll            |     4 |       ||     4
       Potion            |       |     1 ||     1
  Eat: Chunk             |     2 |     5 ||     7
Armor: Leather armour    |    20 |    25 ||    45
Dodge: Dodged            |    61 |    62 ||   123
